Map: Efflorescence LE

Players

Massa

  • Race: Terran Terran
  • League: Platinum
  • Spawn Location: 12:00

qqq

  • Race: Zerg Zerg
  • Spawn Location: 3:00

Apophis - Winner!

  • Race: Terran Terran
  • Spawn Location: 6:00

IknownothinG - Winner!

  • Race: Protoss Protoss
  • League: Diamond
  • Spawn Location: 9:00

VOD

Have the link to the VOD?

Description

Time

  • Played on: Feb. 6, 2021, 6:52 a.m.
  • Length: 14:28
Show
View Real Time Build Order
Export as new Build Order

Massa Terran 

Build Orders:  

Get SALT Encoding   

  12  0:00  SCV  
  13  0:12  SCV  
  14  0:18  Supply Depot  
  14  0:25  SCV  
  15  0:40  SCV  
  15  0:42  Barracks  
  16  0:48  Refinery  
  16  0:52  SCV  
  16  0:56  Supply Depot  
  17  1:04  SCV  
  18  1:16  SCV  
  19  1:28  SCV  
  20  1:41  Reaper  
  21  1:50  Orbital Command  
  19  2:01  Supply Depot  
  19  2:28  Reaper  
  20  2:42  SCV  
  20  2:43  Refinery  
  21  2:48  Barracks  
  20  2:57  Supply Depot  
  20  2:58  SCV  
  16  3:17  Reaper  
  16  3:43  Reaper  
  16  3:44  SCV  
  18  3:49  Reaper  
  17  4:09  Factory, Command Center  
  17  4:27  SCV  
  17  4:31  Marine x2  
  20  4:48  Marine  
  20  4:49  Marine  
  20  5:15  Factory Tech Lab  
  17  5:25  Marine x2  
  19  5:34  Starport  
  19  5:38  Engineering Bay  
  19  5:39  Siege Tank  
  19  5:41  SCV  
  23  5:43  Marine x2  
  25  5:53  SCV  
  26  6:01  Barracks Tech Lab, Marine  
  27  6:21  SCV  
  27  6:23  SCV  
  29  6:29  Marine  
  29  6:30  Marine  
  30  6:33  SCV  
  30  6:35  SCV  
  32  6:40  Missile Turret  
  32  6:44  Cyclone  
  35  6:47  Marine x2  
  35  6:48  SCV  
  38  7:00  SCV  
  39  7:01  Missile Turret  
  39  7:02  SCV  
  40  7:12  SCV, Stimpack  
  40  7:14  SCV  
  42  7:24  SCV  
  43  7:30  SCV  
  43  7:36  Orbital Command  
  44  7:42  SCV  
  37  7:55  Marauder, Marine  
  30  8:01  Barracks  
  30  8:02  Widow Mine  
  32  8:06  SCV x2  
  34  8:13  Marine  
  34  8:15  Barracks  
  34  8:16  Marauder  
  34  8:17  Supply Depot  
  37  8:22  Supply Depot  
  37  8:23  Widow Mine  
  37  8:26  Medivac  
  41  8:30  Marine  
  42  8:40  Marauder  
  44  8:47  SCV x2  
  46  8:48  Refinery, Marine  
  46  8:52  Refinery  
  46  8:53  Refinery, Missile Turret  
  47  8:59  SCV x2  
  47  9:00  Barracks Tech Lab  
  47  9:01  Marine  
  50  9:09  Marine x2  
  51  9:11  SCV  
  51  9:12  SCV  
  54  9:19  Marine  
  54  9:22  Combat Shield  
  54  9:23  Marine  
  54  9:24  SCV x2  
  58  9:29  Barracks Reactor  
  58  9:31  Barracks Reactor  
  58  9:36  SCV x2  
  58  9:37  Marine  
  61  9:41  Marine  
  62  9:47  Command Center, Supply Depot  
  62  9:49  Supply Depot  
  62  9:56  Sensor Tower  
  62  10:09  Marauder, Marine x3, Siege Tank  
  62  10:11  SCV, Marauder, Marine  
  62  10:12  SCV  
  75  10:20  Supply Depot  
  75  10:26  Marine x2  
  75  10:27  Supply Depot  
  75  10:28  Concussive Shells  
  77  10:31  Starport Reactor  
  77  10:40  Marine  
  77  10:41  Marine, Siege Tank  
  77  10:42  Marauder x2  
  86  11:04  Orbital Command  
  86  11:05  SCV  
  86  11:06  SCV  
  86  11:09  Missile Turret  
  88  11:12  Medivac  
  88  11:13  Siege Tank  
  88  11:14  Medivac  
  88  11:15  Marine x2  
  88  11:18  SCV x2  
  99  11:21  Barracks  
  99  11:26  Terran Infantry Weapons Level 1  
  99  11:30  SCV x2, Engineering Bay  
  101  11:35  Armory  
  101  11:39  Marine  
  102  11:40  Marine  
  102  11:42  SCV x2, Medivac  
  107  11:48  Supply Depot  
  107  11:50  Supply Depot  
  107  11:57  Supply Depot  
  107  12:00  Siege Tank, Supply Depot  
  110  12:01  Marine x2  
  110  12:02  Marine  
  110  12:04  Marine  
  110  12:07  Terran Infantry Armor Level 1  
  114  12:14  SCV x3  
  117  12:19  Barracks Reactor  
  117  12:20  Marine x3  
  120  12:26  SCV x3  
  123  12:38  SCV x2  
  125  13:08  Marine  
  125  13:09  Marine x6  
  133  13:26  Marine  
  134  13:38  Marine  
  134  13:40  Marine x2  
  133  13:44  Marine  
  127  13:55  Command Center  
  105  14:02  Barracks, Command Center  
  90  14:03  Barracks  
  90  14:07  Barracks  
Show
View Real Time Build Order
Export as new Build Order

qqq Zerg 

Build Orders: Hatch First 

Get SALT Encoding   

  12  0:00  Drone  
  13  0:10  Drone  
  14  0:20  Overlord  
  14  0:46  Hatchery  
  13  0:51  Drone x2  
  15  1:17  Spawning Pool  
  14  1:18  Extractor  
  14  1:19  Drone  
  14  1:24  Hatchery  
  14  1:29  Drone  
  15  1:51  Drone x3  
  18  2:05  Overlord  
  18  2:06  Queen  
  20  2:13  Drone  
  21  2:24  Zergling x2  
  21  2:29  Metabolic Boost  
  22  2:35  Zergling x2  
  23  2:37  Drone  
  24  2:45  Queen  
  24  2:46  Zergling x2  
  24  2:51  Drone  
  28  2:56  Zergling x2  
  28  2:58  Drone  
  30  3:08  Zergling x2  
  30  3:09  Zergling x2  
  32  3:19  Zergling x6, Overlord  
  35  3:21  Zergling x2  
  36  3:32  Roach Warren, Overlord  
  35  3:34  Zergling x2  
  36  3:47  Zergling x2  
  36  3:48  Zergling x2  
  34  4:11  Zergling x4  
  34  4:12  Zergling x2  
  34  4:20  Zergling x2  
  34  4:21  Roach x2  
  34  4:22  Roach x2  
  42  4:44  Zergling x2  
  44  4:45  Roach  
  44  4:46  Roach x2  
  47  4:54  Roach x2  
  47  5:20  Roach x2  
  50  5:21  Roach x2  
  51  5:41  Overlord x4  
  51  5:42  Overlord  
  51  5:56  Hatchery  
  50  6:02  Roach  
  44  6:06  Lair  
  44  6:07  Spore Crawler  
  41  6:24  Roach x3  
  35  6:28  Drone  
  35  6:30  Drone x2, Roach x2  
  42  6:42  Drone x2  
  42  6:43  Zergling x2  
  42  6:44  Zergling x2  
  46  6:48  Drone  
  47  6:55  Spore Crawler  
  47  6:57  Drone x2  
  48  7:04  Zergling x2  
  48  7:05  Zergling x2  
  51  7:08  Drone x2  
  51  7:10  Zergling x2  
  53  7:16  Zergling x2  
  53  7:17  Roach  
  53  7:34  Zergling x8  
  53  7:35  Drone  
  48  7:50  Zergling x4  
  36  7:56  Hatchery  
  36  7:58  Drone x2  
  35  8:02  Zergling x2  
  36  8:14  Spire  
  36  8:15  Extractor  
  34  8:25  Overlord  
  34  8:26  Drone x2  
  36  8:29  Drone  
  37  8:39  Zergling x2  
  38  8:42  Zergling x2  
  38  8:43  Zergling x2  
  38  8:44  Zergling x2  
  41  8:59  Zergling x8  
  41  9:00  Zergling x2  
  41  9:01  Drone  
  45  9:09  Drone  
  42  9:10  Drone  
  42  9:27  Corruptor x2  
  42  9:31  Zerg Flyer Armor Level 1  
  45  9:33  Drone  
  45  9:34  Drone  
  47  9:43  Corruptor  
  47  9:44  Zergling x2  
  50  9:45  Zergling x2  
  50  9:56  Corruptor  
  50  9:58  Drone  
  50  9:59  Drone x2  
  54  10:00  Drone  
  54  10:07  Drone x2  
  54  10:10  Corruptor  
  54  10:12  Drone  
  54  10:13  Drone  
  60  10:19  Queen  
  60  10:21  Drone  
  63  10:23  Drone  
  64  10:30  Corruptor  
  66  10:45  Corruptor  
  66  10:47  Zergling x4, Overlord  
  66  10:49  Drone x3  
  72  10:50  Drone  
  72  11:01  Zergling x6  
  72  11:02  Drone x2  
  74  11:12  Drone  
  74  11:13  Drone, Infestation Pit  
  74  11:15  Mutalisk  
  75  11:28  Spine Crawler  
  75  11:32  Hatchery x2, Spine Crawler x2  
  70  11:33  Extractor  
  70  11:34  Extractor  
  70  11:35  Extractor x2, Drone x2  
  70  11:36  Drone  
  70  11:37  Drone, Spine Crawler  
  69  11:44  Drone x2  
  69  11:46  Mutalisk  
  73  11:52  Zerg Flyer Weapons Level 1  
  73  11:53  Drone x2  
  75  11:55  Overlord  
  75  11:58  Zergling x4  
  73  12:08  Drone x4  
  73  12:11  Mutalisk  
  78  12:27  Drone  
  78  12:28  Drone  
  80  12:37  Drone x2  
  82  12:52  Mutalisk x2, Corruptor  
  82  12:53  Drone  
  82  12:54  Drone x5  
  94  13:05  Corruptor x3  
  96  13:07  Drone x3  
  96  13:08  Drone  
  104  13:14  Mutalisk  
  104  13:15  Mutalisk  
  104  13:19  Spore Crawler  
  107  13:47  Corruptor x3  
Show
View Real Time Build Order
Export as new Build Order

Apophis Terran - Winner!

Build Orders: Reaper Expand 

Get SALT Encoding   

  12  0:00  SCV  
  13  0:12  SCV  
  14  0:19  Supply Depot  
  14  0:24  SCV  
  15  0:41  SCV  
  15  0:42  Barracks  
  16  0:45  Refinery  
  16  0:53  SCV  
  17  1:05  SCV  
  18  1:17  SCV  
  19  1:30  Orbital Command  
  19  1:31  Reaper  
  20  1:47  Command Center  
  20  1:56  SCV  
  21  2:04  Barracks Reactor  
  21  2:05  Barracks  
  21  2:08  Refinery  
  21  2:10  SCV  
  22  2:17  Supply Depot  
  22  2:22  SCV  
  23  2:38  SCV, Factory  
  23  2:42  Marine x2  
  26  2:50  SCV  
  27  2:59  SCV  
  27  3:05  Marine  
  29  3:06  Barracks Tech Lab, Marine  
  29  3:12  Orbital Command  
  30  3:13  SCV  
  31  3:24  Marine x2  
  31  3:25  Factory Tech Lab  
  35  3:30  SCV  
  35  3:39  SCV  
  36  3:42  SCV, Marine x2  
  36  3:43  Marine  
  36  3:46  Siege Tank  
  41  3:49  Stimpack  
  41  3:53  SCV  
  42  4:01  Starport, SCV  
  43  4:04  Supply Depot  
  43  4:08  SCV  
  44  4:11  Marauder  
  46  4:26  SCV x2, Siege Tank  
  46  4:29  Marine x2  
  53  4:37  Supply Depot  
  53  4:38  SCV, Supply Depot  
  54  4:42  SCV  
  53  4:50  Marine  
  54  4:53  Marine  
  54  4:55  SCV  
  54  4:58  Starport Reactor, Marauder  
  52  5:07  Marine  
  52  5:11  Marine  
  47  5:15  SCV x2  
  47  5:19  Marine  
  44  5:22  Siege Tank  
  44  5:25  Marine  
  44  5:27  SCV x2  
  50  5:29  Barracks x2  
  50  5:36  Medivac x2  
  50  5:39  SCV  
  50  5:40  SCV  
  56  5:45  Marine x2  
  56  5:47  Marauder  
  60  5:51  SCV  
  60  5:52  Refinery x2, SCV  
  62  6:04  SCV  
  63  6:05  Siege Tank  
  66  6:16  Marine  
  66  6:17  Marine  
  66  6:18  Marauder  
  70  6:24  SCV  
  70  6:25  SCV  
  70  6:28  Command Center  
  70  6:34  Engineering Bay  
  70  6:37  Engineering Bay  
  70  6:42  Supply Depot  
  70  6:52  Combat Shield  
  70  6:58  Supply Depot x2  
  70  7:00  Barracks Reactor x2  
  70  7:04  SCV x2, Marauder  
  70  7:06  Marine x2  
  76  7:14  Terran Infantry Weapons Level 1  
  76  7:16  SCV  
  76  7:17  Terran Infantry Armor Level 1  
  77  7:23  Supply Depot  
  79  7:30  Marauder, Siege Tank  
  79  7:31  Medivac  
  70  7:59  Marine x5  
  70  8:00  Marine, Medivac  
  70  8:01  Medivac  
  70  8:02  Siege Tank  
  83  8:11  Concussive Shells  
  83  8:12  SCV x2  
  85  8:22  Barracks  
  85  8:24  Barracks  
  85  8:25  Barracks  
  85  8:26  Factory  
  85  8:27  Barracks  
  85  8:30  Marine, Medivac  
  85  8:31  Marine x3, Medivac  
  93  8:39  Missile Turret  
  93  8:45  Missile Turret x2  
  93  8:49  Missile Turret  
  93  8:57  SCV x2  
  93  8:59  Missile Turret  
  93  9:02  Planetary Fortress  
  86  9:08  Sensor Tower  
  83  9:10  Missile Turret  
  83  9:12  SCV  
  83  9:13  SCV  
  85  9:22  Armory  
  85  9:25  SCV x2  
  87  9:37  SCV  
  88  9:40  Barracks Tech Lab x2  
  88  9:41  Barracks Reactor x2  
  85  9:46  SCV x2  
  85  9:49  SCV  
  85  9:50  Factory Tech Lab  
  86  10:03  SCV x3  
  89  10:15  SCV x2  
  89  10:20  Marine  
  89  10:21  Marine x3  
  95  10:24  Terran Infantry Weapons Level 2  
  95  10:30  Terran Infantry Armor Level 2  
  95  10:32  SCV x2  
  95  10:33  SCV  
  98  10:40  Marine  
  98  10:41  Marine x5  
  104  10:44  SCV  
  104  10:48  SCV x2  
  107  10:50  Marine x5  
  107  10:55  Marine x2  
  114  10:58  Marine  
  114  10:59  Marine x2, Terran Vehicle Weapons Level 1  
  116  11:13  Marine  
  117  11:20  Supply Depot  
  117  11:21  Supply Depot x2  
  117  11:22  Supply Depot  
  117  11:25  Missile Turret x2  
  117  11:28  Missile Turret  
  117  11:41  Marine x5, Siege Tank  
  117  11:42  Marine x4, Siege Tank  
  132  11:57  Refinery  
  132  11:59  Refinery  
  132  12:03  Command Center, Supply Depot  
  132  12:08  Marine x4, Supply Depot  
  133  12:09  Supply Depot x2  
  136  12:29  SCV x3  
  139  12:41  Siege Tank x2  
  139  12:43  Command Center  
  145  12:46  Marine  
  146  13:00  Marine x8  
  154  13:06  Sensor Tower  
  154  13:24  Medivac  
  154  13:25  Medivac, Siege Tank  
  154  13:26  Siege Tank  
  164  13:31  Starport  
  164  13:37  SCV  
  164  13:38  SCV  
  147  13:49  Marine x10  
  138  13:56  Marine x3  
  135  14:06  Marine  
  147  14:24  Starport Reactor  
Show
View Real Time Build Order
Export as new Build Order

IknownothinG Protoss - Winner!

Build Orders: Cannon Rush 

Get SALT Encoding   

  12  0:01  Probe (Chrono Boost)  
  13  0:10  Probe (Chrono Boost)  
  14  0:18  Pylon  
  14  0:23  Probe  
  15  0:38  Forge  
  15  0:41  Probe  
  16  0:50  Pylon  
  16  0:53  Probe (Chrono Boost)  
  17  1:05  Probe (Chrono Boost)  
  18  1:14  Photon Cannon  
  18  1:21  Photon Cannon  
  18  1:28  Pylon  
  17  1:40  Pylon  
  17  1:57  Pylon  
  17  1:58  Photon Cannon  
  17  2:03  Photon Cannon  
  17  2:05  Probe  
  18  2:19  Photon Cannon  
  17  2:30  Assimilator  
  17  2:35  Gateway  
  17  2:44  Pylon  
  17  2:48  Assimilator  
  17  3:00  Probe (Chrono Boost)  
  18  3:09  Probe (Chrono Boost)  
  19  3:15  Probe  
  19  3:18  Photon Cannon  
  21  3:27  Probe  
  21  3:29  Cybernetics Core  
  21  3:41  Photon Cannon  
  21  3:45  Probe  
  21  3:58  Probe  
  22  4:30  Photon Cannon  
  21  4:42  Stargate  
  21  5:04  Photon Cannon  
  21  5:09  Probe (Chrono Boost)  
  22  5:20  Probe (Chrono Boost)  
  23  5:25  Probe (Chrono Boost), Shield Battery  
  28  5:43  Pylon  
  28  5:50  Pylon  
  28  5:55  Void Ray  
  28  6:18  Nexus  
  28  6:34  Pylon  
  28  6:48  Fleet Beacon  
  28  6:57  Stargate  
  28  7:39  Carrier  
  28  7:42  Probe  
  31  7:54  Probe  
  32  8:04  Pylon  
  32  8:06  Pylon  
  32  8:07  Probe  
  32  8:10  Pylon  
  33  8:18  Carrier  
  33  8:19  Probe (Chrono Boost)  
  40  8:30  Probe (Chrono Boost)  
  41  8:45  Nexus  
  40  9:03  Carrier  
  40  9:06  Probe (Chrono Boost)  
  47  9:11  Photon Cannon  
  47  9:15  Assimilator  
  47  9:18  Probe (Chrono Boost)  
  48  9:27  Probe (Chrono Boost)  
  48  9:28  Tempest  
  54  9:32  Probe  
  55  9:44  Probe  
  56  9:51  Nexus  
  56  9:56  Probe  
  57  10:04  Assimilator  
  57  10:08  Probe (Chrono Boost)  
  57  10:09  Shield Battery  
  58  10:20  Probe (Chrono Boost)  
  59  10:24  Probe (Chrono Boost)  
  60  10:31  Cybernetics Core  
  60  10:32  Stargate  
  60  10:35  Probe  
  61  10:43  Void Ray  
  61  10:44  Void Ray  
  67  11:21  Void Ray x2  
  67  11:24  Protoss Air Armor Level 1, Protoss Air Weapons Level 1  
  67  11:26  Void Ray  
  79  11:41  Probe  
  79  11:44  Probe  
  79  11:47  Probe  
  82  11:51  Pylon  
  82  11:53  Probe  
  83  11:56  Probe  
  83  11:59  Probe  
  85  12:05  Probe  
  86  12:10  Probe (Chrono Boost)  
  86  12:11  Probe (Chrono Boost)  
  86  12:12  Photon Cannon  
  86  12:14  Shield Battery  
  88  12:16  Pylon  
  90  12:23  Probe (Chrono Boost)  
  90  12:26  Probe (Chrono Boost)  
  90  12:29  Probe (Chrono Boost), Mothership (Chrono Boost)  
  100  12:37  Probe (Chrono Boost)  
  100  12:43  Probe (Chrono Boost)  
  101  12:46  Void Ray x2  
  101  12:47  Probe (Chrono Boost)  
  101  12:49  Probe (Chrono Boost)  
Tags
 
Add a new tag
Caveats
  • Supply blocks, unpowered buildings, or Contaminate may cause inaccurate times.
  • Supply counts are checked every 10 seconds.